 Dungeon Crawl Stone Soup version 0.20.0-8-g6b59dc7 (webtiles) character file.

950 smajdalf11 the Chiller (level 7, -3/46 HPs)
             Began as a Demonspawn Ice Elementalist on May 29, 2017.
             Slain by Menkaure (17 damage)
             ... on level 5 of the Dungeon.
             The game lasted 00:19:13 (4564 turns).

smajdalf11 the Chiller (DsIE)                       Turns: 4564, Time: 00:19:14

Health: -3/46      AC:  6    Str:  9    XL:     7   Next: 90%
Magic:  5/10       EV: 11    Int: 22    God:
Gold:   138        SH:  0    Dex: 13    Spells: 1/10 levels left

rFire    . . .     SeeInvis +   e - +0 blowgun
rCold    . . .     Gourm    .   (no shield)
rNeg     . . .     Faith    .   y - +0 leather armour
rPois    .         Spirit   .   (helmet restricted)
rElec    .         Reflect  .   (no cloak)
rCorr    .         Harm     .   (no gloves)
MR       .....                  r - +0 pair of boots
Stlth    ++........             (no amulet)
Regen    0.2/turn               s - ring of see invisible
MPRegen  0.2/turn               D - +4 ring of intelligence

@: no status effects
A: antennae 1, thin metallic scales 1, spiny 2
a: no special abilities


You were on level 5 of the Dungeon.
You were not hungry.

You visited 2 branches of the dungeon, and saw 6 of its levels.
You also visited: Sewer.

You collected 205 gold pieces.
You spent 67 gold pieces at shops.

Inventory:

Hand Weapons
 e - a +0 blowgun (weapon)
 w - a +0 spear
Missiles
 v - 2 throwing nets
 A - 8 poisoned needles (quivered)
 G - 8 curare-tipped needles
Armour
 r - a +0 pair of boots (worn)
 y - a +0 leather armour (worn)
Jewellery
 j - an uncursed amulet of guardian spirit
 s - a ring of see invisible (left hand)
 t - an uncursed amulet of harm
 D - a +4 ring of intelligence (right hand)
Wands
 h - a wand of polymorph (14/24)
 E - a wand of polymorph (10/24)
Scrolls
 d - 4 scrolls of remove curse
 f - 2 scrolls of recharging {unknown}
 g - 2 scrolls of random uselessness {unknown}
 m - 5 scrolls of identify {unknown}
 p - 3 scrolls of magic mapping {unknown}
 B - a scroll of amnesia
Potions
 a - a potion of agility
 i - 2 potions of ambrosia {unknown}
 k - 2 potions of haste {unknown}
 o - a potion of flight {unknown}
 q - a potion of might {unknown}
 u - a potion of curing
 x - a potion of brilliance {unknown}
 z - a potion of resistance {unknown}
 H - a potion of heal wounds {unknown}
Books
 b - a book of Frost

   Spells                             Type                      Level
   a - Freeze                         Ice                          1
   b - Throw Frost                    Conjuration/Ice              2
   c - Ozocubu's Armour               Charms/Ice                   3
   d - Throw Icicle                   Conjuration/Ice              4
   e - Summon Ice Beast               Ice/Summoning                4
Comestibles
 c - 3 bread rations
 l - 2 meat rations
 n - 4 chunks of flesh


   Skills:
 - Level 1.7 Dodging
 - Level 1.7 Stealth
 - Level 2.0 Spellcasting
 + Level 5.4 Conjurations
 - Level 7.2 Ice Magic


You had one spell level left.
You knew the following spells:

 Your Spells              Type           Power        Failure   Level  Hunger
a - Freeze                Ice            ####         1%          1    #......
b - Throw Icicle          Conj/Ice       ####....     14%         4    #####..
c - Summon Ice Beast      Ice/Summ       ###.....     41%         4    #####..


Dungeon Overview and Level Annotations

Branches:
Dungeon (5/15)             Temple (1/1) D:4

Altars:
Ashenzari
Cheibriados
Dithmenos
Elyvilon
Fedhas
Gozag
Hepliaklqana
Makhleb
Okawaru
Qazlal
Trog
Uskayaw
Xom
Yredelemnul
The Shining One

Shops:
D:4 (

Annotations:
D:5 Menkaure


Innate Abilities, Weirdness & Mutations

You have a pair of small antennae on your head.
You are partially covered in thin metallic scales. (AC +2)
You are mostly covered in sharp spines.


Message History

Pain shoots through your body!
* * * LOW HITPOINT WARNING * * *
Unknown command.
Casting: Freeze
Confirm with . or Enter, or press ? or * to list all spells.
Aiming: Freeze
Press: ? - help, Shift-Dir - straight line, f/p - Menkaure
Aim: Menkaure (heavily damaged)
You freeze Menkaure.
Menkaure resists.
Menkaure is heavily damaged.
Unknown command.
Casting: Freeze
Confirm with . or Enter, or press ? or * to list all spells.
Aiming: Freeze
Press: ? - help, Shift-Dir - straight line, f/p - Menkaure
Aim: Menkaure (heavily damaged)
You freeze Menkaure.
Menkaure resists.
Menkaure is severely damaged.
Menkaure hits you!
You die...

#.#...#####.#
....#...#.....# .
........#..###
##..#......<....#
...#...........#
######
#.#...........#
#....#
#.............#
#...[##
#......@M#
#....<#
#..#'#####
#...).# #..#.#
##'##.# #....#
#.##.# #.#..#
####.# #.#..#
#####.# #.##>#
#.....# #.####
#.##### #.####
##### #.#


You could see Menkaure.

Vanquished Creatures
  Sigmund (D:4)
  A phantom (D:4)
  An ogre (D:4)
  A bullfrog (Sewer)
  A scorpion (D:4)
  A howler monkey (D:4)
  A hound (D:4)
  2 centaur skeletons
  Natasha (thrice) (D:4)
  An orc wizard (D:5)
  3 worker ants
  12 adders
  An ooze (D:2)
  2 worms
  A dart slug (D:2)
  5 leopard geckos
  5 orcs
  4 ball pythons
  13 giant cockroaches
  8 goblins
  4 hobgoblins
  3 jackals (D:1)
  7 kobolds
  2 quokkas (D:2)
  5 bats
  7 frilled lizards
  2 quokka skeletons (D:4)
  6 rats
103 creatures vanquished.

Notes
Turn   | Place    | Note
-------+----------+-------------------------------------------
     0 | D:1      | smajdalf11 the Demonspawn Ice Elementalist began the quest for the Orb.
     0 | D:1      | Reached XP level 1. HP: 13/13 MP: 3/3
   157 | D:1      | Reached skill level 3 in Ice Magic
   449 | D:1      | Gained mutation: You are partially covered in sharp spines. [demonic ancestry]
   449 | D:1      | Reached XP level 2. HP: 11/19 MP: 0/5
  1311 | D:2      | Learned a level 2 spell: Throw Frost
  1329 | D:2      | Reached XP level 3. HP: 24/24 MP: 3/6
  1405 | D:2      | Reached skill level 4 in Ice Magic
  1631 | D:2      | Gained mutation: You are partially covered in thin metallic scales. (AC +2) [demonic ancestry]
  1631 | D:2      | Reached XP level 4. HP: 28/30 MP: 0/7
  2478 | D:3      | Reached skill level 5 in Ice Magic
  2537 | D:3      | Found a stormy altar of Qazlal.
  2614 | D:3      | Found a shimmering altar of Xom.
  2615 | D:3      | Found a hazy altar of Hepliaklqana.
  2615 | D:3      | Noticed a hell beast
  2616 | D:3      | Noticed a spectral ugly thing
  2616 | D:3      | Noticed a hell beast
  2672 | D:3      | Gained mutation: You have a pair of small antennae on your head. [demonic ancestry]
  2672 | D:3      | Reached XP level 5. HP: 34/35 MP: 5/8
  2885 | D:4      | Noticed a phantom
  2916 | D:4      | Killed a phantom
  2916 | D:4      | Reached skill level 6 in Ice Magic
  2916 | D:4      | Gained mutation: You are mostly covered in sharp spines. [demonic ancestry]
  2916 | D:4      | Reached XP level 6. HP: 30/41 MP: 0/9
  2933 | D:4      | Noticed Natasha
  2958 | D:4      | Found a glowing drain.
  3033 | Sewer    | Entered a sewer
  3364 | Sewer    | Reached skill level 7 in Ice Magic
  3474 | D:4      | Killed Natasha
  3512 | D:4      | Noticed Natasha
  3520 | D:4      | Killed Natasha
  3520 | D:4      | Reached XP level 7. HP: 46/46 MP: 10/10
  3566 | D:4      | Found a staircase to the Ecumenical Temple.
  3574 | Temple   | Entered the Ecumenical Temple
  3604 | D:4      | Noticed Natasha
  3610 | D:4      | Killed Natasha
  3825 | D:4      | Found Utaste Zixt's Weapon Emporium.
  3829 | D:4      | Bought 8 curare-tipped needles for 67 gold pieces
  3872 | D:4      | Noticed Sigmund
  3882 | D:4      | Killed Sigmund
  4058 | D:4      | Found a blossoming altar of Fedhas.
  4259 | D:4      | Learned a level 4 spell: Throw Icicle
  4264 | D:4      | Learned a level 4 spell: Summon Ice Beast
  4437 | D:5      | Entered Level 5 of the Dungeon
  4442 | D:5      | Reached skill level 5 in Conjurations
  4557 | D:5      | Noticed Menkaure
  4564 | D:5      | Slain by Menkaure

Skill      XL: |  1  2  3  4  5  6  7 |
---------------+----------------------+-----
Ice Magic      | 3 4 5 6 7 |  7.2
Conjurations   | 5 |  5.4
Dodging        | |  1.7
Stealth        | |  1.7
Spellcasting   | |  2.0

Action                   |  1- 3 |  4- 6 |  7- 9 || total
-------------------------+-------+-------+-------++-------
Melee: Dagger            |    20 |       |       ||    20
       Unarmed           |     1 |     2 |       ||     3
       Spear             |     3 |    10 |       ||    13
 Fire: Blowgun           |       |    24 |    14 ||    38
Throw: Stone             |    22 |    17 |       ||    39
       Throwing net      |       |     1 |       ||     1
 Cast: Freeze            |    48 |    85 |    45 ||   178
  Use: Scroll            |     1 |       |     3 ||     4
       Potion            |       |     1 |       ||     1
  Eat: Chunk             |     3 |     8 |     3 ||    14
Armor: Robe              |     4 |       |       ||     4
       Leather armour    |     4 |    15 |    10 ||    29
Dodge: Dodged            |    28 |    40 |    21 ||    89
